 Dungeon Crawl Stone Soup version 0.31-a0-940-gdaa99269f9 (webtiles) character file.

Game seed: 12596124702489425422

166 gelatine the Ruffian (level 5, -18/37 HPs)
             Began as a Demonspawn Shapeshifter on Oct 20, 2023.
             Killed by an exploding iguana (32 damage)
             ... ignited by their inner flame
             ... on level 5 of the Dungeon.
             The game lasted 00:04:53 (2403 turns).

gelatine the Ruffian (Demonspawn Shapeshifter)      Turns: 2403, Time: 00:04:53

Health: -18/37     AC:  8    Str: 16    XL:     5   Next: 22%
Magic:  5/5        EV: 11    Int: 11    God:
Gold:   96         SH:  0    Dex: 13    Spells: 4/4 levels left

rFire   . .          .
                       - Unarmed
rCold   . . .        (no shield)
rNeg    . . .        j - +0 ring mail
rPois   .            (helmet currently unavailable)
rElec   .            (cloak currently unavailable)
rCorr   .            (gloves currently unavailable)
SInv    .            (boots currently unavailable)
Will    .....        (no amulet)
Stlth   +            (no ring)
HPRegen 0.26/turn    (no ring)
MPRegen 0.09/turn

%: no passive effects
@: beast-form
A: beast (slay +1), icy blue scales 2, foul stench 1, demonic touch 1
a: Begin Untransformation


You were on level 5 of the Dungeon.
You were a hulking beast.
You visited 1 branch of the dungeon, and saw 5 of its levels.

You collected 96 gold pieces.

Inventory:

Armour
 a - a +0 animal skin
 f - a +0 helmet
 i - an orb of energy
 j - a +0 ring mail (worn)
Talismans
 c - a beast talisman (active)
 d - a flux talisman
 n - a blade talisman
Wands
 r - a wand of iceblast (8)
Scrolls
 e - 3 scrolls of identify
 k - 3 scrolls of revelation
Potions
 b - a potion of lignification
 g - 2 potions of curing
 l - 2 potions of brilliance {unknown}
 m - a potion of berserk rage {unknown}
 o - a potion of resistance {unknown}
 p - a potion of cancellation {unknown}
 q - a potion of might {unknown}


   Skills:
 + Level 1.5 Fighting
 + Level 1.1 Armour
 + Level 2.2 Dodging
 + Level 0.4 Stealth
 + Level 4.2 Unarmed Combat
 + Level 3.3 Shapeshifting


You had 4 spell levels left.
You didn't know any spells.
Your spell library contained the following spells:

 Spells                   Type           Power      Damage    Failure   Level
 Ensorcelled Hibernation  Hex/Ice        0%         N/A       71%         2
 Lesser Beckoning         Tloc           0%         N/A       71%         2
 Passwall                 Tmut/Erth      0%         N/A       71%         2
 Gell's Gravitas          Tloc           0%         N/A       90%         3
 Swiftness                Air            0%         N/A       90%         3
 Teleport Other           Tloc           0%         N/A       90%         3


Dungeon Overview and Level Annotations

Branches:
Dungeon (6/15)
 Temple: D:4-7

Altars:
Fedhas

Annotations:
D:6 Edmund, Pikel


Innate Abilities, Weirdness & Mutations

You are a hulking beast.
Your limbs bulge with bestial killing power. (Slay +1)
You are mostly covered in icy blue scales. (AC +3)
You may rarely emit foul miasma when damaged in melee.
Your touch may inflict minor irresistible damage on your foes.


Message History

As you read the scroll labelled NUNKAXIE AMOUN, it crumbles to dust.
The creatures around you are filled with an inner flame!
It was a scroll of immolation.
The lemure shouts!
As you read the scroll labelled FEMUFY COGUO, it crumbles to dust.
It is a scroll of identify.
g - 2 potions of curing The lemure falls through a shaft!
The shaft crumbles and collapses.
The iguana closely misses you.
As you read the scroll labelled ZEMOCLAEGG, it crumbles to dust.
You feel aware of your surroundings.
It was a scroll of revelation.
The iguana barely misses you.
A lemure comes into view.
The iguana bites you.
Edmund says, "You wouldn't believe how much I paid for this flail."
Edmund hits you with a +6 heavy dire flail!!
You emit a cloud of foul miasma!
The iguana attacks as it pursues you! The iguana barely misses you.
Edmund is engulfed in dark miasma.
Edmund is poisoned.
Edmund seems to slow down.
Flame seeps out of Edmund.
Edmund is no longer moving slowly.
Flame seeps out of Edmund.
Edmund is engulfed in blazing flames.
Flame seeps out of Edmund.
Flame seeps out of Edmund.
Edmund is engulfed in blazing flames.
Flame seeps out of Edmund.
There is a stone staircase leading up here.
The iguana bites you.
You climb upwards.
There is a stone staircase leading down here.
You hit the iguana.
Flame seeps out of the iguana.
The iguana is moderately wounded.
You hit the iguana.
Flame seeps out of the iguana.
Your touch misses the iguana.
The iguana is moderately wounded.
The iguana is engulfed in blazing flames.
Flame seeps out of the iguana.
The iguana bites you.
You hit the iguana.
The iguana explodes!
The fiery explosion engulfs you!!
Ouch! That really hurt!
You die...

#
##.#.#########
+....§h§......
##.#.#°#######
# #.# #.# ...
#.# ... #.#


There were no monsters in sight!

Vanquished Creatures
  An iguana (D:5)
  2 orc wizards (D:3)
  3 adders
  A worm (D:2)
  4 dart slugs
  8 orcs
  2 ball pythons
  7 endoplasms
  2 giant cockroaches
  6 goblins
  7 hobgoblins
  2 jackals (D:1)
  7 quokkas
  8 bats
  2 frilled lizards
  2 kobolds
  3 rats
67 creatures vanquished.

Notes
Turn   | Place    | Note
-------+----------+-------------------------------------------
     0 | D:1      | gelatine the Demonspawn Shapeshifter began the quest for
                  | the Orb.
     0 | D:1      | Reached XP level 1. HP: 15/15 MP: 1/1
    63 | D:1      | Reached skill level 3 in Unarmed Combat
    88 | D:1      | Gained mutation: You may rarely emit foul miasma when
                  | damaged in melee. [demonic ancestry]
    88 | D:1      | Reached XP level 2. HP: 11/21 MP: 2/2
   844 | D:1      | Gained mutation: You are partially covered in icy blue
                  | scales. (AC +2) [demonic ancestry]
   844 | D:1      | Reached XP level 3. HP: 26/26 MP: 3/3
  1438 | D:2      | Found a blossoming altar of Fedhas.
  1534 | D:2      | Gained mutation: Your touch may inflict minor irresistible
                  | damage on your foes. [demonic ancestry]
  1534 | D:2      | Reached XP level 4. HP: 31/32 MP: 4/4
  2047 | D:3      | Reached skill level 4 in Unarmed Combat
  2049 | D:3      | Reached skill level 1 in Armour
  2054 | D:3      | Gained mutation: You are mostly covered in icy blue scales.
                  | (AC +3) [demonic ancestry]
  2054 | D:3      | Reached XP level 5. HP: 26/37 MP: 5/5
  2332 | D:3      | You fall into a shaft and drop 3 floors!
  2352 | D:6      | Noticed Edmund
  2376 | D:6      | Noticed Pikel
  2376 | D:6      | Noticed a lemure
  2376 | D:6      | Noticed a lemure
  2376 | D:6      | Noticed a lemure
  2379 | D:6      | Noticed a lemure
  2400 | D:5      | Entered Level 5 of the Dungeon
  2403 | D:5      | Killed by an exploding iguana... ignited by their inner
                  | flame

Illustrated notes

Levels and vault maps discovered:
D:1:      saegor_arrival_under_anarchy, layout_basic
D:2:      layout_basic, basic_altar
D:3:      layout_basic
D:5:      layout_basic, uniq_menkaure
D:6:      layout_basic, uniq_pikel, uniq_edmund

Skill      XL: |  1  2  3  4 |
---------------+-------------+-----
Unarmed Combat | 3 4 |  4.2
Shapeshifting  | 3 |  3.3
Dodging        | 2 |  2.2
Armour         | 1 |  1.1
Fighting       | |  1.5
Stealth        | |  0.4

Action                     |  1- 3 |  4- 6 || total
---------------------------+-------+-------++-------
  Melee: Unarmed           |   127 |    53 ||   180
         Punch             |     3 |     2 ||     5
         Touch             |       |    13 ||    13
    Use: Scroll            |       |     3 ||     3
 Armour: Animal skin       |    16 |       ||    16
         Ring mail         |    44 |    37 ||    81
  Dodge: Dodged            |    58 |    39 ||    97

Table legend: (Time is in decaauts)
 A = Elapsed time spent in this place.
 B = Non-inter-level travel time spent in this place.
 C = Inter-level travel time spent in this place.
 D = Time resting spent in this place.
 E = Time spent auto-exploring this place.
 F = Levels seen in this place.
 G = Mean time per level.
                   A        B        C        D        E       F      G
               +--------+--------+--------+--------+--------+-----+--------+
         Total |   2392 |   2374 |     18 |      0 |   1848 |   5 |  478.4 |
       Dungeon |   2392 |   2374 |     18 |      0 |   1848 |   5 |  478.4 |
               +--------+--------+--------+--------+--------+-----+--------+

Top non-repeatable levels by time:
     D:1: 1178 daAuts
     D:2: 842 daAuts
     D:3: 301 daAuts
     D:6: 67 daAuts
     D:5: 2 daAuts
